Map: [ESL] Alcyone

Players

NightMare

  • Race: Protoss Protoss
  • League: Master
  • Spawn Location: 7:00

DKZDark (Dark) - Winner!

  • Race: Zerg Zerg
  • League: Master
  • Spawn Location: 1:00

VOD

Have the link to the VOD?

Description

Time

  • Played on: Dec. 11, 2023, 4:05 a.m.
  • Length: 7:40
Show
View Real Time Build Order
Export as new Build Order

NightMare Protoss 

Build Orders:  

Get SALT Encoding   

  12  0:00  Probe  
  13  0:13  Pylon  
  13  0:16  Probe (Chrono Boost)  
  14  0:27  Probe (Chrono Boost)  
  15  0:32  Probe (Chrono Boost)  
  16  0:40  Gateway  
  16  0:43  Probe  
  17  0:51  Assimilator  
  17  0:55  Probe  
  18  1:07  Probe  
  18  1:10  Gateway  
  19  1:19  Probe  
  20  1:28  Cybernetics Core, Zealot  
  22  1:41  Pylon  
  22  2:02  Adept (Chrono Boost)  
  22  2:03  Adept (Chrono Boost)  
  25  2:17  Nexus  
  25  2:24  Adept  
  25  2:25  Adept  
  29  2:34  Pylon  
  29  2:36  Probe  
  30  2:48  Assimilator, Probe  
  31  2:57  Adept (Chrono Boost)  
  35  3:00  Adept (Chrono Boost)  
  35  3:03  Probe  
  36  3:15  Probe  
  37  3:26  Warp Gate  
  39  3:29  Probe  
  38  3:35  Probe  
  38  3:38  Pylon  
  39  3:41  Probe  
  39  3:47  Probe  
  39  3:52  Adept  
  39  3:55  Probe (Chrono Boost)  
  38  3:59  Probe (Chrono Boost)  
  37  4:04  Twilight Council  
  39  4:10  Probe x2 (Chrono Boost)  
  39  4:14  Probe (Chrono Boost)  
  38  4:17  Probe  
  39  4:26  Probe  
  39  4:29  Probe  
  39  4:32  Stalker  
  39  4:33  Sentry  
  39  4:35  Gateway  
  39  4:37  Gateway, Blink (Chrono Boost)  
  39  4:38  Probe  
  44  4:41  Probe  
  45  4:50  Probe  
  46  4:54  Probe  
  43  5:03  Assimilator  
  43  5:05  Assimilator, Probe  
  43  5:06  Probe  
  45  5:16  Stalker  
  45  5:17  Stalker, Probe  
  45  5:18  Probe  
  45  5:20  Pylon  
  51  5:29  Probe  
  51  5:30  Probe  
  53  5:39  Stalker x2, Pylon  
  57  5:44  Probe x2  
  57  5:49  Stalker  
  61  6:00  Stalker  
  63  6:05  Nexus  
  63  6:06  Stalker  
  63  6:07  Stalker  
  63  6:10  Pylon  
  67  6:15  Sentry  
  69  6:19  Shield Battery  
  69  6:21  Probe  
  70  6:28  Shield Battery, Probe  
  70  6:30  Shield Battery  
  70  6:31  Sentry x2  
  70  6:32  Shield Battery, Sentry  
  77  6:39  Gateway  
  77  6:41  Pylon  
  77  6:52  Gateway, Probe  
  78  6:59  Probe  
  78  7:00  Stalker x3  
  85  7:08  Stalker  
Show
View Real Time Build Order
Export as new Build Order

DKZDark Zerg - Winner!

Build Orders: Hatch First 

Get SALT Encoding   

  12  0:00  Drone  
  13  0:13  Overlord  
  13  0:17  Drone  
  14  0:31  Drone x2  
  16  0:49  Hatchery  
  15  0:52  Drone  
  15  0:56  Drone  
  17  0:59  Drone  
  18  1:10  Extractor  
  17  1:14  Spawning Pool  
  17  1:17  Drone  
  17  1:20  Drone  
  18  1:29  Drone  
  19  1:39  Drone  
  20  1:56  Overlord  
  20  2:03  Zergling x2, Queen  
  23  2:10  Spine Crawler  
  23  2:12  Metabolic Boost  
  23  2:14  Zergling x4  
  24  2:16  Zergling x2  
  25  2:25  Zergling x4  
  25  2:29  Queen  
  28  2:46  Overlord  
  28  2:47  Drone x2  
  28  2:48  Zergling x2  
  31  2:56  Drone  
  31  2:57  Zergling x2  
  33  3:04  Hatchery  
  32  3:06  Drone  
  33  3:19  Zergling x8  
  35  3:29  Drone x2  
  35  3:31  Drone  
  33  3:38  Drone  
  33  3:41  Drone  
  32  3:49  Drone  
  32  3:51  Drone  
  32  3:52  Queen  
  35  3:57  Queen  
  35  3:58  Drone x3  
  35  4:00  Zergling x2  
  41  4:05  Zergling x4  
  41  4:06  Drone  
  44  4:16  Overlord  
  43  4:20  Roach Warren  
  43  4:22  Drone, Overlord, Extractor  
  42  4:25  Zergling x4  
  42  4:29  Zergling x2  
  42  4:30  Zergling x4  
  42  4:31  Zergling x2  
  47  4:37  Overlord  
  47  4:38  Overlord  
  47  4:46  Overlord  
  47  4:48  Overlord  
  47  4:52  Drone  
  47  4:53  Drone x2  
  47  4:55  Overlord  
  47  4:56  Drone  
  49  5:00  Drone x2  
  49  5:04  Drone  
  52  5:11  Roach x3  
  58  5:15  Roach  
  58  5:17  Roach  
  62  5:24  Roach x2  
  62  5:25  Drone x2  
  62  5:26  Drone  
  69  5:29  Drone x2  
  69  5:33  Spore Crawler  
  69  5:34  Drone  
  71  5:39  Zergling x4  
  71  5:40  Zergling x4  
  75  5:44  Drone x2  
  75  5:46  Extractor  
  75  5:49  Spore Crawler  
  75  5:54  Zergling x8  
  75  5:57  Zergling x4  
  81  6:00  Zergling x6, Ravager  
  81  6:03  Zergling x4  
  87  6:08  Ravager x2  
  87  6:10  Zergling x6  
  92  6:15  Zergling x6  
  92  6:17  Ravager  
  96  6:18  Zergling x2  
  96  6:19  Overlord  
  96  6:21  Overlord  
  97  6:32  Overlord  
  97  6:33  Ravager  
  97  6:39  Ravager x2  
  100  6:40  Zergling x14  
  100  6:44  Zergling x6  
  110  6:48  Zergling x4  
  110  6:50  Zergling x8  
  110  6:52  Zergling x2  
  110  6:53  Zergling x2  
  110  7:01  Zergling x8  
  110  7:07  Zergling x2  
  104  7:09  Zergling x2  
  104  7:10  Zergling x2  
  104  7:13  Zergling x4  
  98  7:17  Zergling x2  
  98  7:22  Zergling x14  
Tags
 
Add a new tag
Caveats
  • Supply blocks, unpowered buildings, or Contaminate may cause inaccurate times.
  • Supply counts are checked every 10 seconds.